Cogmind - Beta 16.1 @@@ ROGUE MODE // 2026.02.28 @ 14:15:16 Player: +Jones Result: Destroyed by FY-IIC(R) with Subdweller Machine Gun Performance ------------- Evolutions (0) 0 Regions Visited (2) 400 Robots Destroyed (37) 185 Value Destroyed (874) 874 Prototype IDs (2) 40 Alien Tech Used (0) 0 Bonus (0) 0 TOTAL SCORE: 1499 Bonus ------- None Cogmind --------- Core Integrity 0/250 Matter 161/300 Energy 81/100 System Corruption 0% Temperature Cool (0) Movement Treading (160) Location -10/Subcaves Parts ------- > --- POWER (1) -------- (None) > --- PROPULSION (2) --- Light Treads Light Treads > --- UTILITY (2) ------ Large Storage Unit Light Armor Plating > --- WEAPON (2) ------- Battle Cannon Mini Grenade Launcher > --- INVENTORY (15) --- Light Treads Spiked Treads Improved Heat Sink Large Matter Pod (150) Seismic Detector Seismic Detector Makeshift Light Armor Plating Heavy Riot Gun Battle Rifle Barrage Gun Barrage Gun Battle Cannon Datajack Mining Laser Flail Peak State ------------ > --- POWER ------------ (None) > --- PROPULSION ------- Light Treads Light Treads > --- UTILITY ---------- Large Storage Unit Light Armor Plating > --- WEAPON ----------- Riot Gun Barrage Gun > --- INVENTORY -------- Light Treads Light Treads Light Treads Improved Heat Sink Large Matter Pod Seismic Detector Seismic Detector Makeshift Light Armor Plating Riot Gun Barrage Gun Battle Cannon Mini Grenade Launcher Datajack Mining Laser Flail [Rating: 12] Favorites ----------- Power Light Ion Engine Engine Light Ion Engine Propulsion Light Treads Treads Light Treads Utility Large Storage Unit Device Seismic Detector Storage Large Storage Unit Protection Light Armor Plating Weapon Light Cannon Energy Gun Medium Laser Ballistic Gun Barrage Gun Ballistic Cannon Light Cannon Launcher Mini Grenade Launcher Special Weapon Mining Laser Impact Weapon Flail Build | -11 -10 -10 ------- Run | Yrd Mat Sub Slots Evolved . | . . . Power . | . . . Propulsion . | . . . Utility . | . . . Weapon . | . . . Parts Attached 30 | 7 8 15 Power 1 | 1 . . Engine 1 | 1 . . Core . | . . . Reactor . | . . . Propulsion 4 | 2 . 2 Treads 4 | 2 . 2 Leg . | . . . Wheel . | . . . Hover . | . . . Flight . | . . . Utility 8 | 2 5 1 Device 2 | 1 1 . Storage 3 | 1 2 . Processor . | . . . Hackware . | . . . Protection 3 | . 2 1 Artifact . | . . . Weapon 17 | 2 3 12 Energy Gun 3 | 1 . 2 Energy Cannon . | . . . Ballistic Gun 7 | 1 . 6 Ballistic Cannon 4 | . 2 2 Launcher 1 | . . 1 Special Weapon 1 | . 1 . Impact Weapon 1 | . . 1 Slashing Weapon . | . . . Piercing Weapon . | . . . Special Melee Weapon . | . . . Unidentified Prototypes . | . . . Parts Lost 5 | . . 5 Power 1 | . . 1 Propulsion 2 | . . 2 Utility . | . . . Weapon 2 | . . 2 Highest Loss Streak 3 | . . 3 To Critical Strikes . | . . . Average Backups 10 | 2 9 13 Power . | . . . Propulsion 2 | . 2 2 Utility 3 | . 3 4 Weapon 3 | 1 3 5 Tool/Special . | . . . Unused Backups 10 | . 3 7 Power . | . . . Propulsion 3 | . 1 2 Utility 3 | . . 3 Weapon 3 | . 2 1 Tool/Special 1 | . . 1 Average Slot Usage (%) 95 | . 99 90 Engine 10 | . 14 5 Treads 27 | . 28 27 Device 7 | . 8 6 Storage 14 | . 14 14 Protection 6 | . 5 7 Ballistic Gun 5 | . . 12 Ballistic Cannon 20 | . 26 12 Impact Weapon 1 | . . 2 Peak Build Rating 12 | 7 8 12 Average Rating 8 | 5 7 9 On Entrance 5 | . 7 8 Avg Prop Armor Cover (%) . | . . . Naked Turns . | . . . Heaviest Build 32 | 12 32 32 Greatest Support 40 | 40 40 40 Greatest Overweight (x) . | . . . Average Overweight (x) . | . . . Largest Inventory Capacity 15 | 8 15 15 Average Capacity 12 | 7 11 15 Most Carried 15 | 4 13 15 Average Carried 10 | 2 9 13 Final Capacity 15 | 8 15 15 Final Carried 15 | 4 13 15 Class Distribution -------------------- 100% | Mutant Dominant Class ---------------- Mutant | -10/Materials Mutant | -10/Subcaves Resources | -11 -10 -10 ----------- Run | Yrd Mat Sub Matter Collected 1724 | 288 574 862 Remotely . | . . . Salvage Created 791 | 165 426 200 Parts 59 | 17 27 15 Haulers Intercepted 1 | . 1 . Recyclers Shooed . | . . . Parts Field Recycled . | . . . Retrieved Matter . | . . . Parts Self-Destructed 16 | . . 16 Prevented . | . . . Parts Restored . | . . . Kills | -11 -10 -10 ------- Run | Yrd Mat Sub Combat Hostiles Destroyed 26 | . 13 13 Guns 2 | . . 2 Cannons 17 | . 13 4 AOE 7 | . . 7 Classes Destroyed 7 | 2 4 1 Tunneler 6 | 6 . . Hauler 1 | . 1 . Recycler 1 | 1 . . Watcher 3 | . 3 . Swarmer 8 | . 3 5 Grunt 10 | . 10 . Subdweller 8 | . . 8 Best Kill Streak 5 | 2 3 5 Combat Bots Only 5 | . 3 5 Max Kills in Single Turn 3 | 1 1 3 Gunslinging . | . . . Exploded 3 | . . 3 Melee . | . . . Uniques/NPCs Destroyed . | . . . Combat | -11 -10 -10 -------- Run | Yrd Mat Sub Hostile Shots Fired 126 | . 33 93 Missed 43 | . 8 35 Hits 83 | . 25 58 Projectile 83 | . 25 58 AOE 4 | . . 4 Critical Strikes 2 | . . 2 Damage Taken 1301 | . 295 1006 Core 253 | . 72 181 Absorbed by Shields . | . . . Core Remaining (%) 100 | 100 . . Volleys Fired 103 | 18 48 37 Largest 2 | 2 2 2 Hottest 100 | 70 100 63 Shots Fired 192 | 36 93 63 Gun 57 | 36 10 11 Cannon 118 | . 80 38 Launcher 14 | . . 14 Special 3 | . 3 . Kinetic 152 | 18 85 49 Thermal 26 | 18 8 . Explosive 14 | . . 14 Electromagnetic . | . . . Robot Hit Streak 22 | 7 9 22 Robot Miss Streak 3 | 1 3 1 Penetration Max . | . . . Secondary Targets . | . . . Shots Hit Robots 126 | 25 57 44 Core Hits 50 | 10 20 20 Critical Kills . | . . . Critical Parts Destroyed 1 | 1 . . Critical Strikes 4 | 1 2 1 Destroy 1 | 1 . . Blast 3 | . 2 1 Melee Attacks 7 | . . 7 Impact 7 | . . 7 Slashing . | . . . Piercing . | . . . Sneak Attacks . | . . . Combat Hostiles . | . . . Follow-up Attacks . | . . . Damage Inflicted 2670 | 275 976 1419 Guns 488 | 275 77 136 Cannons 1408 | . 899 509 Explosions 774 | . . 774 Melee . | . . . Ramming . | . . . Kinetic 1656 | 84 927 645 Thermal 240 | 191 49 . Explosive 774 | . . 774 Electromagnetic . | . . . Impact . | . . . Slashing . | . . . Piercing . | . . . Highest Corruption . | . . . Average Corruption . | . . . Corruption Purged . | . . . Corruption Blocked . | . . . Overload Shots . | . . . Overflow Damage 4 | . 4 . Projectiles 4 | . 4 . Explosions . | . . . Melee . | . . . Knockbacks 15 | . 12 3 Impact . | . . . Kinetic 15 | . 12 3 Secondary . | . . . Self-Inflicted Damage 7 | . . 7 Shots 1 | . . 1 Rammed . | . . . Targets Rammed . | . . . Kicked . | . . . Crushed . | . . . Highest Temperature 237 | 110 105 237 Average Temperature 35 | 36 30 114 Received Heat Transfer 636 | . 129 507 Siege Activations . | . . . Martial Activations . | . . . Shielding Activations . | . . . Robots Disrupted . | . . . Combat Hostiles . | . . . Robots Corrupted . | . . . Combat Hostiles . | . . . Parts Fried . | . . . Impact Corruptions . | . . . Robots Melted . | . . . Combat Hostiles . | . . . Parts Melted 2 | 2 . . Heat Transferred 703 | 555 148 . Parts Sabotaged . | . . . Parts Stolen . | . . . Parts Stripped . | . . . Power Chain Reactions . | . . . Alert | -11 -10 -10 ------- Run | Yrd Mat Sub Maximum Alert Level . | . . . Low Security (%) 100 | 100 100 . Level 1 . | . . . Level 2 . | . . . Level 3 . | . . . Level 4 . | . . . Level 5 . | . . . High Security . | . . . Max Security . | . . . Peak Influence 142 | 5 142 . Initial . | . . . Average 43 | 1 50 . Influence Increases 719 | 35 479 205 Destroy 0b10 Robot/C 360 | . 260 100 Destroy 0b10 Robot/NC 55 | 35 20 . Destroy Leader 78 | . 78 . Successful Hack 40 | . 40 . Select Force Hacks 60 | . 60 . Disable Machine 15 | . 15 . Destroy Structure 6 | . 6 . Lose Combat Pursuer 105 | . . 105 Influence Decreases 526 | 35 344 147 Entered New Map 66 | . . 66 Time Decay 460 | 35 344 81 Squads Dispatched 4 | . 4 . Investigation 2 | . 2 . Extermination . | . . . Reinforcement 2 | . 2 . Assault . | . . . Garrison . | . . . Intercept . | . . . Searches Triggered . | . . . Construction Impeded . | . . . Haulers Reinforced . | . . . Active Scanning Responses . | . . . Cargo Convoy Interrupts . | . . . Stealth | -11 -10 -10 --------- Run | Yrd Mat Sub Distress Signals . | . . . Communications Jammed . | . . . Distress Signals . | . . . Times Spotted 37 | . 20 17 Peak Tracking Total 6 | . 3 6 Tactical Retreats 2 | . . 2 Traps | -11 -10 -10 ------- Run | Yrd Mat Sub Traps Triggered 1 | . . 1 Indirectly . | . . . Trap Hack Attempts . | . . . Triggered . | . . . Disarmed . | . . . Reprogrammed . | . . . Reused . | . . . Traps Extracted . | . . . Installed . | . . . Triggered . | . . . Machines | -11 -10 -10 ---------- Run | Yrd Mat Sub Machines Disabled 1 | . 1 . Max in Single Turn 1 | . 1 . Machines Repaired . | . . . Machines Dismantled . | . . . Machines Sabotaged . | . . . Overloaded Fab Kills . | . . . Hacking | -11 -10 -10 --------- Run | Yrd Mat Sub Machines Accessed 8 | . 8 . Terminals 5 | . 5 . Fabricators . | . . . Repair Stations 1 | . 1 . Recycling Units 2 | . 2 . Scanalyzers . | . . . Garrison Access . | . . . Total Hacks 29 | . 29 . Successful 19 | . 19 . Failed 10 | . 10 . Catastrophic . | . . . Database Lockouts . | . . . Manual 24 | . 24 . Terminals 23 | . 23 . Fabricators . | . . . Repair Stations 2 | . 2 . Recycling Units 4 | . 4 . Scanalyzers . | . . . Garrison Access . | . . . Terminal Hacks 6 | . 6 . Part Schematic 1 | . 1 . Robot Analysis 3 | . 3 . Prototype ID Bank 2 | . 2 . Fabricator Hacks . | . . . Repair Station Hacks 1 | . 1 . Refit 1 | . 1 . Recycling Unit Hacks 1 | . 1 . Retrieve Components 1 | . 1 . Scanalyzer . | . . . Garrison Access Hacks . | . . . Unauthorized Hacks 11 | . 11 . Terminals 9 | . 9 . Botnet 3 | . 3 . Operators 1 | . 1 . Skim 5 | . 5 . Fabricators . | . . . Repair Stations . | . . . Recycling Units 2 | . 2 . Tunnel 2 | . 2 . Scanalyzers . | . . . Garrison Access . | . . . Data Cores Recovered . | . . . Used . | . . . Hacking Detections 5 | . 5 . Full Trace Events . | . . . Feedback Events . | . . . Feedback Blocked . | . . . Robot Schematics Acquired . | . . . Robots Built . | . . . Authchips . | . . . Time . | . . . Total Robot Build Rating . | . . . Part Schematics Acquired 1 | . 1 . Parts Built . | . . . Authchips . | . . . Time . | . . . Total Part Build Rating . | . . . Part Studies Acquired . | . . . Parts Repaired . | . . . Time . | . . . Parts Recycled . | . . . Recycled Matter . | . . . Retrieved Matter . | . . . Retrieved Components 10 | . 10 . Parts Scanalyzed . | . . . Part Schematics Acquired . | . . . Parts Damaged . | . . . Bothacking | -11 -10 -10 ------------ Run | Yrd Mat Sub Used RIF Installer . | . . . Robots Hacked . | . . . Non-combat . | . . . Combat . | . . . Robot Hacks Applied . | . . . Relay Couplers Released . | . . . Fabnet Peak Effective % . | . . . Robots Rewired . | . . . Allies Hacked . | . . . Hacks Repelled . | . . . Allies | -11 -10 -10 -------- Run | Yrd Mat Sub Total Allies . | . . . Largest Group . | . . . Highest-Rated Group . | . . . Highest-Rated Ally . | . . . Total Orders . | . . . Ally Attacks . | . . . Total Damage . | . . . Kills . | . . . Allies Corrupted . | . . . Allies Melted . | . . . Intel | -11 -10 -10 ------- Run | Yrd Mat Sub Active Infowar (turns) 1359 | 69 819 471 Seismic 1359 | 69 819 471 Robot Analysis Total 3 | . 3 . Derelict Logs Recovered . | . . . Drone Launches . | . . . Drone Recoveries . | . . . Exploration | -11 -10 -10 ------------- Run | Yrd Mat Sub Turns Passed 2637 | 222 1358 1057 Spaces Moved 1308 | 100 686 522 Core 8 | 8 . . Treads 1300 | 92 686 522 Legs . | . . . Wheels . | . . . Hover . | . . . Flight . | . . . Fastest Speed 50 | 50 160 160 Average Speed 159 | 151 160 160 Slowest Speed 160 | 160 160 160 Overloaded Moves . | . . . Propulsion Burnouts . | . . . Robots Hopped . | . . . Potential Cave-ins . | . . . Cave-ins Triggered . | . . . Exploration Rate (%) 45 | 5 97 34 Regions Visited 2 Branch Regions 1 Pre-discovered Areas 2 | . 2 . Known Exits Taken . | . . . Unknown Exits Taken 2 | 1 1 . Scrap Searched 10 | . . 10 Spaces Dug 25 | . 2 23 Terrain Destroyed 100 | . 3 97 Melee . | . . . Projectile 3 | . 3 . AOE 97 | . . 97 Terrain Rammed . | . . . Walls Destroyed . | . . . Machines Disabled . | . . . Actions | -11 -10 -10 --------- Run | Yrd Mat Sub Total 1641 | 135 847 659 Wait 111 | 7 69 35 Move 1306 | 99 685 522 Hop . | . . . Pick Up 33 | 4 16 13 Fast Attach 8 | 7 . 1 Attach 6 | . 1 5 Detach 2 | . 2 . Swap 47 | . 16 31 Drop 18 | . 10 8 Fire 103 | 18 48 37 Melee 7 | . . 7 Ram . | . . . Kick . | . . . Crush . | . . . Escape Stasis . | . . . Rewire . | . . . Trap . | . . . Miscellaneous . | . . . Route ------- -11/Scrapyard -10/Materials (discovered 6 exits: [*Mat x3] / [*Min x2] / [*Sub]) -10/Subcaves (discovered 4 exits: *Mat x2 / Rec / [*Scr]) History --------- Turn | Location | Event 10 | -11/Scrapyard | Discovered new exit (range 13) 223 | -11/Scrapyard | Entered Materials 304 | -10/Materials | Build established: Mutant 531 | -10/Materials | Discovered new exit (range 12) 633 | -10/Materials | Discovered new exit (range 14) 908 | -10/Materials | Discovered new exit (range 11) 1061 | -10/Materials | Learned Storage emergency access door positions 1105 | -10/Materials | Learned location of 1 exit from Storage 1141 | -10/Materials | Learned Storage terminal intel 1169 | -10/Materials | Learned Storage stockpile data 1186 | -10/Materials | Learned location of 2 exits from Subcaves 1194 | -10/Materials | Learned 4 Recycling zone layouts 1211 | -10/Materials | Learned 4 Subcaves zone layouts 1238 | -10/Materials | Loaded intel: 1 repair station location 1273 | -10/Materials | Learned Storage stockpile data 1349 | -10/Materials | Discovered new exit (range 3) 1473 | -10/Materials | Discovered new exit (range 8) 1570 | -10/Materials | Discovered new exit (range 7) 1581 | -10/Materials | Entered Subcaves 1582 | -10/Subcaves | Approached by a straggling Scientist 1582 | -10/Subcaves | Identified exit to Recycling 1582 | -10/Subcaves | Identified exit to Materials 1638 | -10/Subcaves | Core integrity fell below 50% 1659 | -10/Subcaves | A swath of the cavern ceiling suddenly collapsed 2223 | -10/Subcaves | Core integrity fell below 20% 2251 | -10/Subcaves | Lost 3 parts (2n1w) 2286 | -10/Subcaves | Discovered exit to Materials (range 10) 2414 | -10/Subcaves | Shifting Twisted Machinery released Barrage Gun 2418 | -10/Subcaves | Shifting Twisted Machinery released Hvy. Riot Gun 2638 | -10/Subcaves | Destroyed by FY-IIC(R) with Subdweller Machine Gun Last Messages --------------- 02501_ Acquired 44 matter. 02503_ Acquired Spk. Treads. 02507_ Acquired Battle Cannon. 02511_ Acquired 10 matter. 02512_ Acquired 6 matter. 02526_ Subatomizers dissect the Sub. Optics. 02593_ Destroyed Lgt. Ion Engine. 02595_ S-10 Pest destroyed. 02596_ The unstable cave ceiling collapses. 02611_ S-10 Pest destroyed. 02612_ The unstable cave ceiling collapses. 02620_ Lgt. Ion Engine fries itself beyond repair. 02621_ The unstable cave ceiling collapses. 02621_ S-10 Pest destroyed. 02627_ Lgt. Assault Rifle fries itself beyond repair. 02628_ Critical hit (Meltdown: +270). 02629_ The unstable cave ceiling collapses. 02635_ Flight Unit fries itself beyond repair. Map ----- +----------------------------------------------------+ | #### #?## #???????????????????????????????? | | ##?# #???????????????????????????????? | | ##??# ???????????????????????????????? | | ##???## ???????????????????????????????? | | #?????### ???????????????????????????????? | | #???????# ???????????????????????????????? | | ###???????# ???????????????????????????????? | | ##?????????# ???????????????????????????????? | | # #######???###???????????????????????????????? | | #?????????????????????????????????????? | | #??####?>?????????????????????????????? | | # ## ##??#"""???????????????????????????????? | | ###### ##??#" ???????????????????????????????? | | #??# #??#" ????????????????????????????? | | #### #??# ????????????????????????????? | | ###????? #??# ???????????????????????????? | | #####???? ##??#" ???????????????????????????? | | ??##?? ? #???### ???????????????????????????? | | ??#? ??? ##?????# ???????????????????????????? | | #?#????? ##????## ???????????????????????????? | | ####??????###### % #??????????????????????????? | | #?????? ##????????????????????????? | | #??????? ###???????????????????????? | | ####???????### % ##??# #?????????????????? | | #??#####???# # ##????????????????? | | ##?? ##??# % @ ##???????????????? | | #?## #???# # ?????????? | | #?# #????# ### ????????? | | #### #????# #?? R ?????????? | | # ## ###### #???# ?????????? | | ## ##???? ??????????? | | ######?????? ##??????????? | | # ## # #### #???????????? ## #???????????? | | #########??## #????????????? #?#???????????? | | ????????????# ####?????????????? #?????????????? | | ????????????####??????????????????##?????????????? | | ?????????????????????????????????????????????????? | | ?????????????????????????????????????????????????? | | ?????????????????????????????????????????????????? | | ?????????????????????????????????????????????????? | | ?????????????????????????????????????????????????? | | ?????????????????????????????????????????????????? | | ?????????????????????????????????????????????????? | | ?????????????????????????????????????????????????? | | ?????????????????????????????????????????????????? | | ?????????????????????????????????????????????????? | | ?????????????????????????????????????????????????? | | ?????????????????????????????????????????????????? | | ?????????????????????????????????????????????????? | | ?????????????????????????????????????????????????? | +----------------------------------------------------+ Best States ------------- Heat Dissipation 25 Energy Generation 10 Energy Capacity 125 Matter Stores 300 Matter Capacity 300 Sight Range 16 Terrain Scan Density 10 Armor Coverage 150 Evasion (%) 40 Recoil Reduction 2 Item Schematics ----------------- Hcp. Storage Unit | -10/Materials | Hacked Robot Schematics ------------------ None Fabricated ------------ Nothing Repaired ---------- Nothing Studied --------- None Alien Tech Used ----------------- None Achievements -------------- None Challenges ------------ None Game ------ Seed CorruptionShrapnelForcewell Manual? 0 Play Time 00:19:49 Cumulative 432.1 hours Start 2026.02.28 @ 13:58:58 End 2026.02.28 @ 14:15:16 Sessions 1 Manual Loads 0 Difficulty Rogue Special Mode None Game No. 339 Rogue 339 Adventurer 0 Explorer 0 Win Type - Total 5 Types 3/0/0/0/0/0/0/2/0/0 Lore% 69 Gallery% 70 Achievement% 57 Wizard Run 0 Options --------- Layout 1 ASCII 0 Keyboard 0 Movement Mouse Keybinds 0 Fullscreen 1 Font 32/SmallcapsGlow Map View 50x35 Zoom Use 0% Tactical HUD 1 Map Filters NONE Filters NONE Steam 1 RUN: 42908a91-1686-40b8-8d8b-eb62435d58cc